PCL
ALBUQUERQUE ISOTOPES @ CALGARY COWBOYS
04/17/2028
 
TOP OF THE 1ST
Albuquerque Isotopes batting - Pitching for Calgary Cowboys : RHP William Bryan
Pitching: RHP William Bryan
Batting: RHB Gonzalo Gil 0-0: Called Strike
0-1: Ball
1-1: Ball
2-1: Swinging Strike
2-2: Ball
3-2: Base on Balls
Batting: RHB Sam Wallace 0-0: Ball
1-0: Grounds into double play, 6-4-3 (Groundball, 6)
Batting: LHB Fernando Ortíz 0-0: Ball
1-0: Ground out 4-3 (Groundball, 34)
Top of the 1st over - 0 run(s), 0 hit(s), 0 error(s), 0 left on base; Albuquerque 0 - Calgary 0
BOTTOM OF THE 1ST
Calgary Cowboys batting - Pitching for Albuquerque Isotopes : LHP Rick Wilson
Pitching: LHP Rick Wilson
Batting: RHB César Rodríguez 0-0: Ball
1-0: Ball
2-0: Ball
3-0: Called Strike
3-1: SOLO HOME RUN (Line Drive, 78XD), Distance : 422 ft
Batting: LHB Del Kennedy 0-0: Ball
1-0: Ball
2-0: Ball
3-0: Called Strike
3-1: Base on Balls
Batting: RHB Tom Rowe 0-0: Ball
1-0: Ball
2-0: Called Strike
2-1: Swinging Strike
2-2: Ball
3-2: Grounds into double play, 4-6-3 (Groundball, 4)
Batting: RHB Dan Wyatt 0-0: Ball
1-0: Ball
2-0: Called Strike
2-1: Swinging Strike
2-2: Ball
3-2: Base on Balls
Batting: LHB Miguel Pérez 0-0: Ball
1-0: Foul Ball, location: 2F
1-1: Foul Ball, location: 2F
1-2: Strikes out looking
Bottom of the 1st over - 1 run(s), 1 hit(s), 0 error(s), 1 left on base; Albuquerque 0 - Calgary 1
TOP OF THE 2ND
Albuquerque Isotopes batting - Pitching for Calgary Cowboys : RHP William Bryan
Batting: RHB Will Lott 0-0: Ball
1-0: Swinging Strike
1-1: Ball
2-1: Ball
3-1: Base on Balls
Batting: RHB Brett Bell 0-0: Ball
1-0: Called Strike
1-1: Ball
2-1: Foul Ball, location: 2F
2-2: Ball
3-2: Strikes out looking
Batting: LHB Héctor Soto 0-0: Called Strike
0-1: Swinging Strike
0-2: Ball
1-2: Ball
2-2: Foul Ball, location: 2F
2-2: Foul Ball, location: 2F
2-2: Strikes out swinging
Batting: RHB Raúl Bauza 0-0: Ball
1-0: Foul Ball, location: 2F
1-1: Called Strike
1-2: Fielders Choice at 2nd, 6-4 (Groundball, 6)
Top of the 2nd over - 0 run(s), 0 hit(s), 0 error(s), 0 left on base; Albuquerque 0 - Calgary 1
BOTTOM OF THE 2ND
Calgary Cowboys batting - Pitching for Albuquerque Isotopes : LHP Rick Wilson
Batting: RHB Jorge Balencia 0-0: Ball
1-0: Ball
2-0: Ball
3-0: Foul Ball, location: 2F
3-1: Base on Balls
Batting: RHB Travis Colbert 0-0: SINGLE (Flyball, 9LS)
Jorge Balencia to second
Runner from 2nd tries for 3rd, SAFE, throw made to third
Batting: RHB Shayne Burry 0-0: Ball
1-0: Ball
Travis Colbert steals 2nd base
2-0: SINGLE (Line Drive, 89M)
Jorge Balencia scores
Travis Colbert to third
Runner from 3rd tries for Home, SAFE, no throw
Batting: RHB Mario Sánchez 0-0: Ball
1-0: Foul Ball, location: 2F
1-1: Ball
2-1: Ball
3-1: Base on Balls
Shayne Burry to second
Batting: RHB César Rodríguez 0-0: Called Strike
0-1: Fly out, F7 (Line Drive, 7LS)
Batting: LHB Del Kennedy 0-0: Fly out, F8 (Flyball, 8RM)
Batting: RHB Tom Rowe 0-0: Ground out 5-3 (Groundball, 5L)
Bottom of the 2nd over - 2 run(s), 2 hit(s), 0 error(s), 2 left on base; Albuquerque 0 - Calgary 3
TOP OF THE 3RD
Albuquerque Isotopes batting - Pitching for Calgary Cowboys : RHP William Bryan
Batting: RHB Víctor Solano 0-0: Swinging Strike
0-1: Ball
1-1: Ball
2-1: Ball
3-1: SINGLE (Line Drive, 6D)
Batting: RHB Jesse McKnight 0-0: Ball
1-0: Fly out, F8 (Flyball, 8LXD)
Batting: RHB Gonzalo Gil 0-0: Ball
1-0: Called Strike
1-1: Called Strike
1-2: Foul Ball, location: 2F
1-2: Ball
2-2: Fielders Choice at 2nd, 6-4 (Groundball, 6D)
Batting: RHB Sam Wallace 0-0: Ball
1-0: Foul Ball, location: 2F
1-1: Ball
2-1: Called Strike
2-2: Strikes out swinging
Top of the 3rd over - 0 run(s), 1 hit(s), 0 error(s), 1 left on base; Albuquerque 0 - Calgary 3
BOTTOM OF THE 3RD
Calgary Cowboys batting - Pitching for Albuquerque Isotopes : LHP Rick Wilson
Batting: RHB Dan Wyatt 0-0: Foul Ball, location: 2F
0-1: Ball
1-1: Ball
2-1: Foul Ball, location: 2F
2-2: Ball
3-2: Foul Ball, location: 2F
3-2: Base on Balls
Batting: LHB Miguel Pérez 0-0: Ball
1-0: Swinging Strike
1-1: TRIPLE (Flyball, 8LXD)
Dan Wyatt scores
Batting: RHB Jorge Balencia 0-0: Called Strike
0-1: SINGLE (Groundball, 6MD)
Miguel Pérez scores
Batting: RHB Travis Colbert 0-0: Ball
1-0: Fly out, F8 (Flyball, 8RM)
Batting: RHB Shayne Burry 0-0: Called Strike
0-1: Swinging Strike
0-2: Ball
1-2: Foul Ball, location: 2F
1-2: Fly out, F9 (Flyball, 9S)
Batting: RHB Mario Sánchez 0-0: Ball
Jorge Balencia is caught stealing 2nd base
Bottom of the 3rd over - 2 run(s), 2 hit(s), 0 error(s), 0 left on base; Albuquerque 0 - Calgary 5
TOP OF THE 4TH
Albuquerque Isotopes batting - Pitching for Calgary Cowboys : RHP William Bryan
Batting: LHB Fernando Ortíz 0-0: Ball
1-0: Ball
2-0: Foul Ball, location: 2F
2-1: Ball
3-1: Base on Balls
Batting: RHB Will Lott 0-0: Called Strike
0-1: Swinging Strike
0-2: Foul Ball, location: 2F
0-2: Ball
1-2: Ball
2-2: Foul Ball, location: 2F
2-2: Ball
3-2: Grounds into double play, 5-4-3 (Groundball, 5L)
Batting: RHB Brett Bell 0-0: Ball
1-0: Swinging Strike
1-1: Ball
2-1: Foul Ball, location: 2F
2-2: Ball
3-2: Strikes out looking
Top of the 4th over - 0 run(s), 0 hit(s), 0 error(s), 0 left on base; Albuquerque 0 - Calgary 5
BOTTOM OF THE 4TH
Calgary Cowboys batting - Pitching for Albuquerque Isotopes : LHP Rick Wilson
Batting: RHB Mario Sánchez 0-0: Called Strike
0-1: Foul Ball, location: 2F
0-2: Strikes out swinging
Batting: RHB César Rodríguez 0-0: Ground out 4-3 (Groundball, 4)
Batting: LHB Del Kennedy 0-0: Ball
1-0: Swinging Strike
1-1: Reached on error, E5 (Groundball, 56S)
Batting: RHB Tom Rowe 0-0: Ground out 1-3 (Groundball, 15S)
Bottom of the 4th over - 0 run(s), 0 hit(s), 1 error(s), 1 left on base; Albuquerque 0 - Calgary 5
TOP OF THE 5TH
Albuquerque Isotopes batting - Pitching for Calgary Cowboys : RHP William Bryan
Batting: LHB Héctor Soto 0-0: Ball
1-0: Ball
2-0: Ball
3-0: Called Strike
3-1: Foul Ball, location: 2F
3-2: Foul Ball, location: 2F
3-2: Strikes out looking
Batting: RHB Raúl Bauza 0-0: Ball
1-0: Swinging Strike
1-1: Ground out 5-3 (Groundball, 56)
Batting: RHB Víctor Solano 0-0: SINGLE (Groundball, 4D)
Batting: RHB Jesse McKnight 0-0: Ball
1-0: Foul Ball, location: 2F
1-1: Ball
Víctor Solano is caught stealing 2nd base
Top of the 5th over - 0 run(s), 1 hit(s), 0 error(s), 0 left on base; Albuquerque 0 - Calgary 5
BOTTOM OF THE 5TH
Calgary Cowboys batting - Pitching for Albuquerque Isotopes : LHP Rick Wilson
Pitching: LHP Alberto Ruíz
Batting: RHB Dan Wyatt 0-0: Foul Ball, location: 2F
0-1: Called Strike
0-2: Ball
1-2: Strikes out swinging
Batting: LHB Miguel Pérez 0-0: Swinging Strike
0-1: Ball
1-1: Ball
2-1: SINGLE (Groundball, 6MD)
Batting: RHB Jorge Balencia 0-0: Ball
1-0: 2-RUN HOME RUN (Flyball, 7D), Distance : 399 ft
Batting: RHB Travis Colbert 0-0: Ball
1-0: Ball
2-0: Swinging Strike
2-1: SINGLE (Groundball, 3) (infield hit)
Batting: RHB Shayne Burry 0-0: Ball
1-0: Foul Ball, location: 2F
1-1: Ball
Travis Colbert steals 2nd base
2-1: Fly out, F9 (Flyball, 9LS)
Batting: RHB Mario Sánchez 0-0: Called Strike
0-1: Ball
1-1: Swinging Strike
1-2: Ball
2-2: Ground out 2-3 (Groundball, 2R)
Bottom of the 5th over - 2 run(s), 3 hit(s), 0 error(s), 1 left on base; Albuquerque 0 - Calgary 7
TOP OF THE 6TH
Albuquerque Isotopes batting - Pitching for Calgary Cowboys : RHP William Bryan
Batting: RHB Jesse McKnight 0-0: Ball
1-0: Ground out 4-3 (Groundball, 4)
Batting: RHB Gonzalo Gil 0-0: DOUBLE (Line Drive, 7LM)
Batting: RHB Sam Wallace 0-0: Foul Ball, location: 2F
0-1: Foul Ball, location: 2F
0-2: Ball
1-2: Foul Ball, location: 2F
1-2: Foul Ball, location: 2F
1-2: Ground out 1-3 (Groundball, 15S)
Batting: LHB Fernando Ortíz 0-0: Ball
1-0: SINGLE (Flyball, 78S)
Gonzalo Gil to third
Runner from 3rd tries for Home, SAFE, no throw
Batting: RHB Will Lott 0-0: Ball
1-0: Ball
Fernando Ortíz steals 2nd base
2-0: Called Strike
2-1: Ball
3-1: Foul Ball, location: 2F
3-2: Foul Ball, location: 2F
3-2: Fly out, F8 (Flyball, 8RS)
Top of the 6th over - 1 run(s), 2 hit(s), 0 error(s), 1 left on base; Albuquerque 1 - Calgary 7
BOTTOM OF THE 6TH
Calgary Cowboys batting - Pitching for Albuquerque Isotopes : LHP Alberto Ruíz
Batting: RHB César Rodríguez 0-0: Called Strike
0-1: Foul Ball, location: 2F
0-2: Ball
1-2: Strikes out looking
Batting: LHB Del Kennedy 0-0: Ball
1-0: Called Strike
1-1: DOUBLE (Line Drive, 9LM)
Batting: RHB Tom Rowe 0-0: Fly out, F9 (Flyball, 9)
Batting: RHB Dan Wyatt 0-0: Ball
1-0: Ball
2-0: Called Strike
2-1: Foul Ball, location: 2F
2-2: Ball
3-2: Base on Balls
Batting: LHB Miguel Pérez 0-0: Fly out, F5 (Popup, 56)
Bottom of the 6th over - 0 run(s), 1 hit(s), 0 error(s), 2 left on base; Albuquerque 1 - Calgary 7
TOP OF THE 7TH
Albuquerque Isotopes batting - Pitching for Calgary Cowboys : RHP William Bryan
Pitching: LHP Takayuki Ine
Batting: RHB Brett Bell 0-0: Called Strike
0-1: Foul Ball, location: 2F
0-2: Ball
1-2: Foul Ball, location: 2F
1-2: Strikes out swinging
Batting: LHB Héctor Soto 0-0: Ball
1-0: Swinging Strike
1-1: Ground out 4-3 (Groundball, 4)
Batting: RHB Raúl Bauza 0-0: Called Strike
0-1: Ball
1-1: Swinging Strike
1-2: Strikes out swinging, 2-3 out at first.
Top of the 7th over - 0 run(s), 0 hit(s), 0 error(s), 0 left on base; Albuquerque 1 - Calgary 7
BOTTOM OF THE 7TH
Calgary Cowboys batting - Pitching for Albuquerque Isotopes : LHP Alberto Ruíz
Batting: RHB Jorge Balencia 0-0: DOUBLE (Line Drive, 89D)
Batting: RHB Travis Colbert 0-0: Ground out 4-3 (Groundball, 4)
Jorge Balencia to third
Batting: RHB Shayne Burry 0-0: Swinging Strike
0-1: Swinging Strike
0-2: Strikes out looking
Batting: RHB Mario Sánchez 0-0: Called Strike
0-1: Ball
1-1: Swinging Strike
1-2: Ground out 5-3 (Groundball, 25)
Bottom of the 7th over - 0 run(s), 1 hit(s), 0 error(s), 1 left on base; Albuquerque 1 - Calgary 7
TOP OF THE 8TH
Albuquerque Isotopes batting - Pitching for Calgary Cowboys : LHP Takayuki Ine
Batting: RHB Víctor Solano 0-0: Swinging Strike
0-1: Ball
1-1: Ball
2-1: Foul Ball, location: 2F
2-2: SINGLE (Line Drive, 6)
Batting: RHB Jesse McKnight 0-0: Swinging Strike
0-1: Foul Ball, location: 2F
0-2: Ball
1-2: Ball
2-2: Ball
3-2: Base on Balls
Víctor Solano to second
Batting: RHB Gonzalo Gil 0-0: Foul Ball, location: 2F
0-1: Foul Ball, location: 2F
0-2: Foul Ball, location: 2F
0-2: Ball
1-2: Fielders Choice at 2nd, 6-4 (Groundball, 6)
Víctor Solano to third
Batting: RHB Sam Wallace 0-0: Ball
1-0: Ball
2-0: Ball
3-0: Base on Balls
Gonzalo Gil to second
Batting: LHB Fernando Ortíz 0-0: Ball
1-0: Ball
2-0: GRAND SLAM HOME RUN (Flyball, 8RXD), Distance : 438 ft
Pitching: RHP Bernardo Romero
Batting: RHB Will Lott 0-0: Called Strike
0-1: Called Strike
0-2: Ball
1-2: Foul Ball, location: 2F
1-2: SINGLE (Groundball, 56D)
Pitching: RHP Paul Barton
Batting: RHB Brett Bell 0-0: Ball
Wild Pitch!
Will Lott to second
1-0: Ball
2-0: Called Strike
2-1: Called Strike
2-2: Ball
3-2: Foul Ball, location: 2F
3-2: Strikes out swinging
Batting: LHB Héctor Soto 0-0: Called Strike
0-1: Ball
1-1: Foul Ball, location: 2F
1-2: Foul Ball, location: 2F
1-2: Strikes out swinging
Top of the 8th over - 4 run(s), 3 hit(s), 0 error(s), 1 left on base; Albuquerque 5 - Calgary 7
BOTTOM OF THE 8TH
Calgary Cowboys batting - Pitching for Albuquerque Isotopes : LHP Alberto Ruíz
Pitching: RHP Germán Hernández
Batting: RHB César Rodríguez 0-0: Called Strike
0-1: Ball
1-1: Foul Ball, location: 2F
1-2: Fly out, F8 (Flyball, 78S)
Batting: LHB Del Kennedy 0-0: Ball
1-0: Called Strike
1-1: Reached on error, E4 (Groundball, 4)
Batting: RHB Tom Rowe 0-0: Ball
Del Kennedy is caught stealing 2nd base
1-0: Ground out 5-3 (Groundball, 5)
Bottom of the 8th over - 0 run(s), 0 hit(s), 1 error(s), 0 left on base; Albuquerque 5 - Calgary 7
TOP OF THE 9TH
Albuquerque Isotopes batting - Pitching for Calgary Cowboys : RHP Paul Barton
Pitching: LHP Alfredo Durán
Batting: RHB Raúl Bauza 0-0: Ball
1-0: DOUBLE (Flyball, 78XD)
Pinch Hitting: RHB Nick Harris 0-0: Called Strike
0-1: Ball
1-1: Ground out 4-3 (Groundball, 4S)
Raúl Bauza to third
Batting: RHB Jesse McKnight 0-0: Foul Ball, location: 2F
0-1: Ball
1-1: Ball
2-1: Ball
3-1: Base on Balls
Batting: RHB Gonzalo Gil 0-0: SINGLE (Flyball, 8RS)
Raúl Bauza scores
Jesse McKnight to second
Batting: RHB Sam Wallace 0-0: Ground out 5-3 (Groundball, 5)
Jesse McKnight to third
Gonzalo Gil to second
Pinch Hitting: SHB Clint Woods 0-0: Ball
1-0: Swinging Strike
1-1: Foul Ball, location: 2F
1-2: Ball
2-2: Foul Ball, location: 2F
2-2: Fly out, F8 (Flyball, 8LM)
Top of the 9th over - 1 run(s), 2 hit(s), 0 error(s), 2 left on base; Albuquerque 6 - Calgary 7
Tuesday, August 8th, 2017 - OOTP Baseball 17.12 Build 75